AoeStats
← miniducks

Four Lakes

509192021Analyzed
1v1 RM · 6d ago on Sep 25, 2026· 53m 55s· 2 players
Game mode
Random Map
Map size
Tiny (2 player)
Population
200
Speed
Normal
Resources
Standard
Victory
Conquest
Starting age
Dark Age
Ending age
Imperial Age
RankedLock teamsTeams togetherTeam positionsShared explorationLock speedFull tech treeHidden civsTurbo modeCheats
Victory
Defeat
🇦🇷 Celts · Argentina
886
+15
🇺🇸 Franks · United States
860
-38
miniducks
9:31 Feudal Age
9:08 Loom
14:56 Double-Bit Axe
20:48 Castle Age
19:44 Scale Mail Armor
21:29 Scale Barding Armor
21:12 Pikeman
22:57 Bow Saw
29:57 Fletching
30:08 Padded Archer Armor
30:38 Elite Skirmisher
32:30 Bodkin Arrow
33:47 Leather Archer Armor
34:30 Wheelbarrow
33:44 Town Watch
37:24 Gold Mining
37:28 Stone Mining
40:39 Hand Cart
41:13 Gambesons
41:31 Squires
41:35 Husbandry
46:18 Imperial Age
44:37 Gold Shaft Mining
48:10 Chemistry
47:04 Cavalier
granada3660
10:51 Feudal Age
11:17 Double-Bit Axe
16:30 Castle Age
14:43 Fishing Lines
15:52 Forging
17:42 Bow Saw
18:52 Gillnets
19:05 Loom
20:53 Horse Collar
21:47 Heavy Plow
22:26 Scale Mail Armor
21:54 Pikeman
23:49 Stone Mining
26:26 Gambesons
26:27 Arson
27:43 Wheelbarrow
27:03 Gold Mining
30:35 Gold Shaft Mining
31:57 Stone Shaft Mining
32:10 Hand Cart
37:47 Imperial Age
35:34 Town Watch
36:29 Town Patrol
37:20 Ballistics
39:34 Furor Celtica
39:47 Conscription
38:53 Heavy Scorpion
40:11 Padded Archer Armor
40:42 Siege Engineers
40:50 Halberdier
43:04 Iron Casting
42:45 Chain Mail Armor
42:13 Capped Ram
44:29 Chemistry
47:49 Siege Ram
52:35 Spies/Treason
Connection lost

Rejoining the realm…

Still unreachable

The connection could not be restored.

Session expired

The server has moved on; the page needs a fresh start.